 Dungeon Sprint DCSS version 0.23-a0-701-gd76f34b (webtiles) character file.

617 JosiahThimblerig the Cleaver (level 7, -2/71 HPs)
             Began as a Hill Orc Fighter on Jan 12, 2019.
             Was an Initiate of Vehumet.
             Succumbed to Sonja's curare-tipped needle
             ... in the Dungeon (Sprint I: "Red Sonja").
             The game lasted 00:04:33 (771 turns).

JosiahThimblerig the Cleaver (Hill Orc Fighter)      Turns: 771, Time: 00:04:34

Health: -2/71      AC:  8    Str: 19    XL:     7   Next: 45%
Magic:  7/7        EV:  8    Int:  8    God:    Vehumet [......]
Gold:   98         SH: 11    Dex: 12    Spells: 5/6 levels left

rFire    . . .     SeeInvis .   a - +0 war axe
rCold    . . .     Gourm    .   c - +0 shield
rNeg     . . .     Faith    .   b - +0 scale mail
rPois    .         Spirit   .   (no helmet)
rElec    .         Reflect  .   (no cloak)
rCorr    .         Harm     .   (no gloves)
MR       .....     NoTele   +   (no boots)
Stlth    ..........             (no amulet)
HPRegen  0.21/turn              (no ring)
MPRegen  0.10/turn              (no ring)

@: lethally poisoned (-2 -> -27), hasted and slowed, drained
A: no striking features
a: Renounce Religion


You were in the Dungeon.
You worshipped Vehumet.
Vehumet was noncommittal.
You were not hungry.

You visited 1 branch You collected 318 gold pieces.
You spent 220 gold pieces at shops.

Inventory:

Hand Weapons
 a - a +0 war axe (weapon)
 g - a +0 giant club
 l - a +0 long sword
 n - a +0 scythe
Armour
 b - a +0 scale mail (worn)
 c - a +0 shield (worn)
 m - a +0 scale mail
 o - a +0 robe
Scrolls
 k - a scroll of blinking
Potions
 d - a potion of might
 i - 2 potions of magic
 j - a potion of berserk rage
Comestibles
 f - a ration
 p - 3 chunks of flesh


   Skills:
 + Level 9.7(9.4) Fighting
 + Level 11.4(11.1) Axes
 + Level 9.1(8.9) Armour
 + Level 0.7(0.5) Dodging
 + Level 8.5(8.3) Shields


You had 5 spell levels left.
You knew the following spells:

 Your Spells              Type           Power        Failure   Level  Hunger
a - Magic Dart            Conj           #...         95%         1    ##.....

Your spell library contained the following spells:

 Spells                   Type           Power        Failure   Level  Hunger
 Blink                    Tloc           N/A          99%         2    ###....
 Call Imp                 Summ           #.......     99%         2    ###....
 Slow                     Hex            #.......     99%         2    ###....
 Conjure Flame            Conj/Fire      #.......     100%        3    ####...
 Mephitic Cloud           Conj/Pois/Air  #.......     100%        3    ####...


Dungeon Overview and Level Annotations

Branches:
Dungeon (1/1)

Altars:
Cheibriados
Dithmenos
Elyvilon
Fedhas
Gozag
Hepliaklqana
Kikubaaqudgha
Makhleb
Nemelex Xobeh
Okawaru
Qazlal
Ru
Sif Muna
Trog
Uskayaw
Vehumet
Wu Jian
Xom
Yredelemnul
Zin
The Shining One
Jiyva
Lugonu

Shops:
D :

Annotations:
D Sonja


Message History

You feel as though you will be slow longer.
There is an open door here.
You see here 2 curare-tipped needles.
You feel better.
Sonja twirls her cape.
Sonja shoots a curare-tipped needle.
The curare-tipped needle hits you.
You are poisoned.
You have difficulty breathing.
You feel as though you will be slow longer.
You block the deep troll's attack. The deep troll claws you!
* * * LOW HITPOINT WARNING * * *
The deep troll claws you.
* * * LOW HITPOINT WARNING * * *
Sonja shoots a curare-tipped needle.
The curare-tipped needle hits you.
You are lethally poisoned!
You have difficulty breathing.
* * * LOW HITPOINT WARNING * * *
You feel as though you will be slow longer.
You feel yourself speed up.
You die...

#..#####'#####'#__#
#..####..#...#.####
#..#__####..##.#
#..#_____##'#_.+
#⌠⌠#_.∩...÷..._#
####_..__##_.#'#
#_____###(#.#
#########.####+###
+$($@T$.$$+
#$K$####### ##.##
#+#


You could see a deep troll and Sonja.

Vanquished Creatures
  A slime creature (D)
  A yak (D)
  Sigmund (D)
  An ogre (D)
  A jelly (D)
  Ijyb (D)
6 creatures vanquished.

Vanquished Creatures (others)
  A gargoyle (D)
1 creature vanquished.

Grand Total: 7 creatures vanquished

Notes
Turn   | Place    | Note
-------+----------+-------------------------------------------
     0 | D        | JosiahThimblerig the Hill Orc Fighter began the quest for
                  | the Orb.
     0 | D        | Reached XP level 1. HP: 19/19 MP: 1/1
     2 | D        | Noticed Ijyb
    17 | D        | Killed Ijyb
    17 | D        | Reached skill level 5 in Fighting
    17 | D        | Reached skill level 4 in Axes
    17 | D        | Reached XP level 2. HP: 18/29 MP: 2/2
    17 | D        | Reached XP level 3. HP: 23/36 MP: 3/3
   122 | D        | Noticed an ogre
   127 | D        | HP: 1/36 [ogre/+0 giant club (17)]
   131 | D        | Killed an ogre
   131 | D        | Reached skill level 6 in Axes
   131 | D        | Reached skill level 5 in Shields
   131 | D        | Reached XP level 4. HP: 36/45 MP: 4/4
   185 | D        | Noticed Sigmund
   198 | D        | Killed Sigmund
   198 | D        | Reached skill level 8 in Axes
   198 | D        | Reached XP level 5. HP: 42/53 MP: 5/5
   198 | D        | Reached XP level 6. HP: 49/61 MP: 6/6
   268 | D        | Found a burning altar of Makhleb.
   268 | D        | Found a viscous altar of Jiyva.
   268 | D        | Found a shimmering altar of Xom.
   268 | D        | Found a corrupted altar of Lugonu.
   268 | D        | Noticed a slime creature
   278 | D        | Killed a slime creature
   278 | D        | Reached skill level 10 in Axes
   278 | D        | Reached XP level 7. HP: 30/70 MP: 7/7
   467 | D        | Found an ornate altar of the Wu Jian Council.
   467 | D        | Found a deep blue altar of Sif Muna.
   469 | D        | Found a radiant altar of Vehumet.
   585 | D        | Became a worshipper of Vehumet
   600 | D        | Found Fecet's Book Emporium.
   600 | D        | Found an ancient bone altar of Kikubaaqudgha.
   600 | D        | Found a hazy altar of Hepliaklqana.
   600 | D        | Found a hide-covered altar of Uskayaw.
   600 | D        | Found a basalt altar of Yredelemnul.
   600 | D        | Found an opulent altar of Gozag.
   600 | D        | Found a snail-covered altar of Cheibriados.
   600 | D        | Found a sacrificial altar of Ru.
   600 | D        | Found a shadowy altar of Dithmenos.
   600 | D        | Noticed a yak
   611 | D        | Killed a yak
   611 | D        | Reached skill level 11 in Axes
   612 | D        | Found a stormy altar of Qazlal.
   612 | D        | Found a blossoming altar of Fedhas.
   612 | D        | Found a bloodstained altar of Trog.
   612 | D        | Found an iron altar of Okawaru.
   612 | D        | Found a glowing golden altar of the Shining One.
   612 | D        | Found a glowing silver altar of Zin.
   612 | D        | Found a white marble altar of Elyvilon.
   680 | D        | Killed a gargoyle
   750 | D        | Found a sparkling altar of Nemelex Xobeh.
   754 | D        | Bought a book of Minor Magic for 220 gold pieces
   756 | D        | Learned a level 1 spell: Magic Dart
   763 | D        | Noticed Sonja
   768 | D        | Noticed a deep troll
   770 | D        | HP: 2/71 [asphyx]
   771 | D        | Succumbed to Sonja's curare-tipped needle

Vault maps used:
D:        dungeon_sprint_1

Skill      XL: |  1  2  3  4  5  6  7 |
---------------+----------------------+-----
Fighting       | 5 6 8 9 |  9.7
Axes           | 4 6 8 10 11 | 11.4
Armour         | 4 6 7 8 9 |  9.1
Shields        | 4 5 7 8 |  8.5
Dodging        | |  0.7

Action                   |  1- 3 |  4- 6 |  7- 9 || total
-------------------------+-------+-------+-------++-------
Melee: War axe           |    23 |    18 |    13 ||    54
  Use: Potion            |     1 |       |     2 ||     3
Armor: Scale mail        |     5 |     2 |     1 ||     8
Dodge: Dodged            |     4 |     1 |     7 ||    12
Block: Shield            |    14 |     6 |    10 ||    30

Table legend:
 A = Non-vault XP
 B = Vault XP
 C = Vault XP percentage of total XP
 D = Non-vault monster count
 E = Vault monster count
 F = Vault count percentage of total count
                 A         B        C        D         E       F
            +---------+---------+-------+---------+---------+-------
      Total |       0 |     882 | 100.0 |       0 |       6 | 100.0
            +---------+---------+-------+---------+---------+-------
          D |       0 |     882 | 100.0 |       0 |       6 | 100.0
            +---------+---------+-------+---------+---------+-------
